 Dungeon Crawl Stone Soup version 0.28.0-53-g5a82cb258f (webtiles) character file.

Game seed: 12646677139170074150

55 DildoBatman the Conjurer (level 4, -2/32 HPs)
             Began as a Formicid Conjurer on July 15, 2022.
             Slain by a troll (12 damage)
             ... on level 6 of the Dungeon.
             The game lasted 00:02:29 (928 turns).

DildoBatman the Conjurer (Formicid Conjurer)         Turns: 928, Time: 00:02:30

Health: -2/32      AC:  2    Str: 12    XL:     4   Next: 14%
Magic:  6/8        EV: 12    Int: 17    God:
Gold:   47         SH:  0    Dex: 11    Spells: 5/8 levels left

rFire   . . .      SeeInvis +   d - +0 short sword
rCold   . . .      Faith    .   (no shield)
rNeg    . . .      Spirit   .   a - +0 robe
rPois   .          Reflect  .   (helmet unavailable)
rElec   .          Harm     .   (no cloak)
rCorr   .          Rampage  .   (no gloves)
Will    .....                   (no boots)
Stlth   ++........              (no amulet)
HPRegen 0.10/turn               (no ring)
MPRegen 0.11/turn               (no ring)

@: no status effects
A: permanent stasis, dig shafts and tunnels, antennae 3, four strong arms
a: Dig, Shaft Self


You were on level 6 of the Dungeon.
You visited 1 branch of the dungeon, and saw 4 of its levels.

You collected 47 gold pieces.

Inventory:

Hand Weapons
 d - a +0 short sword (weapon)
Missiles
 c - 21 stones (quivered)
 g - 19 arrows
Armour
 a - a +0 robe (worn)
Wands
 f - a wand of paralysis (7)
Scrolls
 h - a scroll of fear {unknown}
Potions
 b - a potion of flight {unknown}
 e - a potion of attraction {unknown}
 i - a potion of haste {unknown}
 j - a potion of heal wounds {unknown}


   Skills:
 * Level 1.5 Fighting
 * Level 1.5 Armour
 - Level 2.0 Dodging
 - Level 2.4 Stealth
 * Level 2.7 Spellcasting
 * Level 4.0 Conjurations


You had 5 spell levels left.
You knew the following spells:

 Your Spells              Type           Power      Damage    Failure   Level
a - Searing Ray           Conj           30%        2d5       5%          2
c - Magic Dart            Conj           60%        1d6       3%          1

Your spell library contained the following spells:

 Spells                   Type           Power      Damage    Failure   Level
 Dazzling Flash           Conj/Hex       18%        N/A       24%         3
 Fulminant Prism          Conj/Hex       4%         3d6       61%         4
 Iskenderun's Mystic Bla  Conj/Tloc      9%         2d4       61%         4


Dungeon Overview and Level Annotations

Branches:
Dungeon (1/15)

Altars:
Ru


Innate Abilities, Weirdness & Mutations

You cannot be hasted, slowed, berserked, paralysed or teleported.
You can dig through walls and to a lower floor.
You have a pair of large antennae on your head. (SInv)
Your four strong arms can wield two-handed weapons with a shield.


Message History

g - Guard the area. f - Follow me.
Anything else - Cancel.
You shout for attention!
Are you sure you want to shaft yourself?
You begin to dig a shaft.
You continue digging a shaft.
A shaft appears beneath you!
You fall into a shaft and drop 3 floors!
The shaft crumbles and collapses.
The troll shouts!
Found a war axe and 23 stones.
What are your orders? t - Shout!
Orders for allies: a - Attack new target. r - Retreat! s - Stop attacking. g - Guard the area. f - Follow me.
Anything else - Cancel.
You shout for attention!
What are your orders? t - Shout!
Orders for allies: a - Attack new target. r - Retreat! s - Stop attacking. g - Guard the area. f - Follow me.
Anything else - Cancel.
You shout for attention!
The troll bites you! The troll claws you! The troll barely misses you.
What are your orders? t - Shout!
Orders for allies: a - Attack new target. r - Retreat! s - Stop attacking. g - Guard the area. f - Follow me.
Anything else - Cancel.
You shout for attention!
A scorpion comes into view.
The troll bites you. The troll claws you but does no damage.
The troll claws you!
You die...

##s .(. . ....
.. .....
...#######...
...........#.#.
..............#
.)....T@...#
...#######.....
... . { {


You could see a troll and a scorpion.

Vanquished Creatures
  A gnoll (D:2)
  2 adders (D:2)
  2 endoplasms (D:2)
  2 giant cockroaches
  3 hobgoblins
  3 jackals (D:1)
  2 kobolds (D:1)
  5 quokkas (D:2)
  A ball python (D:2)
  A bat (D:1)
  A frilled lizard (D:2)
  2 rats
25 creatures vanquished.

Vanquished Creatures (others)
  4 toadstools (D:1)
4 creatures vanquished.

Grand Total: 29 creatures vanquished

Notes
Turn   | Place    | Note
-------+----------+-------------------------------------------
     0 | D:1      | DildoBatman the Formicid Conjurer began the quest for the
                  | Orb.
     0 | D:1      | Reached XP level 1. HP: 13/13 MP: 3/3
   222 | D:1      | Reached XP level 2. HP: 13/20 MP: 0/5
   225 | D:1      | Learned a level 2 spell: Searing Ray
   340 | D:1      | You fall into a shaft and drop 1 floor!
   340 | D:2      | Found a sacrificial altar of Ru.
   459 | D:2      | Reached skill level 1 in Fighting
   549 | D:2      | Reached skill level 1 in Armour
   618 | D:2      | Reached XP level 3. HP: 26/26 MP: 2/6
   819 | D:2      | Found Dosa's Antique Weapon Boutique.
   894 | D:2      | Reached skill level 4 in Conjurations
   894 | D:2      | Reached XP level 4. HP: 28/32 MP: 2/8
   896 | D:2      | You fall into a shaft and drop 1 floor!
   925 | D:3      | You fall into a shaft and drop 3 floors!
   925 | D:6      | Noticed a troll
   928 | D:6      | Noticed a scorpion
   928 | D:6      | Slain by a troll

Illustrated notes

Levels and vault maps discovered:
D:1:      ldierk_water_garden, layout_loops_corners, hangedman_glass_teeth,
          chequers_serial_rivers_room_b, minmay_misc_feat_secret_circle
D:2:      layout_rooms, serial_shops, shop, basic_altar,
          shapermc_ecumenical_altar_rom_forum, chequers_jeans,
          minmay_small_reverse_x
D:3:      corexii_shack_village, layout_basic, nicolae_overflow_ecumenical_swirl
D:6:      layout_loops_cross, tgw_kikubaaqudgha,
          minmay_temple_entry_proselytizer, lightli_corner_chamber,
          uniq_crazy_yiuf_cottage, uniq_grinder

Skill      XL: |  1  2  3 |
---------------+----------+-----
Dodging        | 2 |  2.0
Fighting       | 1 |  1.5
Armour         | 1 |  1.5
Conjurations   | 4 |  4.0
Stealth        | |  2.4
Spellcasting   | |  2.7

Action                   |  1- 3 |  4- 6 || total
-------------------------+-------+-------++-------
Melee: Unarmed           |     8 |       ||     8
       Short sword       |     8 |       ||     8
Throw: Stone             |     1 |       ||     1
 Cast: Magic Dart        |    29 |       ||    29
       Searing Ray       |     8 |       ||     8
 Abil: Shaft Self        |       |     2 ||     2
Armor: Robe              |     6 |     1 ||     7
Dodge: Dodged            |    27 |     1 ||    28
